 Dungeon Crawl Stone Soup version 0.28.0-53-g5a82cb258f (webtiles) character file.

Game seed: 9670373924564635830

179 Jackthecabe the Grasshopper (level 5, -3/39 (43) HPs)
             Began as a Gnoll Warper on June 16, 2022.
             Was a Believer of Kikubaaqudgha.
             Slain by an orc
             ... wielding a +0 flail
              (5 damage)
             ... on level 3 of the Dungeon.
             The game lasted 00:07:38 (3915 turns).

Jackthecabe the Grasshopper (Gnoll Warper)          Turns: 3915, Time: 00:07:39

HP:   -3/39 (43)    AC:  3    Str: 10    XL:     5   Next: 59%
MP:   12/12         EV: 13    Int: 14    God:    Kikubaaqudgha [**....]
Gold: 113           SH:  0    Dex: 12    Spells: 13/14 levels left

rFire   + . .      SeeInvis .   a - +0 spear {polearm}
rCold   . . .      Faith    .   (no shield)
rNeg    . . .      Spirit   .   q - +0 leather armour {rF+}
rPois   .          Reflect  .   (no helmet)
rElec   .          Harm     .   (no cloak)
rCorr   .          Rampage  .   (no gloves)
Will    .....                   (no boots)
Stlth   +.........              (no amulet)
HPRegen 0.13/turn               (no ring)
MPRegen 0.13/turn               (no ring)

@: brilliant, lethally poisoned (-3 -> -10), drained
A: fangs 1, strong nose, distributed training
a: Renounce Religion, Receive Corpses


You were on level 3 of the Dungeon.
You worshipped Kikubaaqudgha.
Kikubaaqudgha was pleased with you.
You visited 1 branch of the dungeon, and saw 4 of its levels.

You collected 113 gold pieces.


Innate Abilities, Weirdness & Mutations

You have very sharp teeth.
Your uncanny sense of smell can sniff out nearby items.
Your experience applies equally to all skills.


   Skills:
 + Level 4.8 Fighting
 + Level 1.5 Short Blades
 + Level 1.5 Long Blades
 + Level 1.5 Axes
 + Level 1.5 Maces & Flails
 + Level 4.8 Polearms
 + Level 1.5 Staves
 + Level 1.5 Slings
 + Level 1.5 Bows
 + Level 1.5 Crossbows
 + Level 3.0 Throwing
 + Level 3.0 Armour
 + Level 4.8 Dodging
 + Level 1.5 Stealth
 + Level 1.5 Shields
 + Level 1.5 Unarmed Combat
 + Level 5.2 Spellcasting
 + Level 1.2 Conjurations
 + Level 1.2 Hexes
 + Level 1.2 Summonings
 + Level 1.2 Necromancy
 + Level 5.5 Translocations
 + Level 1.2 Transmutations
 + Level 1.2 Fire Magic
 + Level 1.2 Ice Magic
 + Level 1.2 Air Magic
 + Level 1.2 Earth Magic
 + Level 1.2 Poison Magic
 + Level 1.7 Invocations
 + Level 1.5 Evocations


You had 13 spell levels left.
You knew the following spells:

 Your Spells              Type           Power      Damage    Failure   Level
a - Animate Skeleton      Necr           20%        N/A       14%         1

Your spell library contained the following spells:

 Spells                   Type           Power      Damage    Failure   Level
 Blink                    Tloc           56%        N/A       3%          2
 Gell's Gravitas          Tloc           28%        N/A       7%          3
 Lesser Beckoning         Tloc           28%        N/A       7%          3
 Teleport Other           Tloc           28%        N/A       7%          3
 Portal Projectile        Hex/Tloc       38%        N/A       17%         3
 Corpse Rot               Necr/Air       20%        N/A       21%         2
 Sublimation of Blood     Necr           10%        N/A       21%         2
 Call Canine Familiar     Summ           10%        N/A       38%         3
 Manifold Assault         Tloc           28%        N/A       54%         5
 Leda's Liquefaction      Hex/Erth       5%         N/A       80%         4
 Agony                    Necr           10%        N/A       98%         5
 Storm Form               Tmut/Air       5%         N/A       100%        7

Inventory:

Hand Weapons
 a - a +0 spear (weapon) {polearm}
Missiles
 d - 5 boomerangs of dispersal (quivered) {=f!fthrowing}
 e - 117 stones {throwing}
 l - 41 sling bullets
 p - 23 arrows
Armour
 b - a +0 leather armour
 q - a +0 leather armour of fire resistance (worn)
   (You took it off a hobgoblin on level 4 of the Dungeon)
Wands
 r - a wand of digging (7)
   (You found it on level 3 of the Dungeon)
Scrolls
 c - a scroll of blinking {!r}
 f - 3 scrolls of magic mapping {unknown}
 g - 2 scrolls of enchant armour {unknown}
 i - a scroll of summoning {unknown}
 j - 3 scrolls of identify {unknown}
 k - a scroll of fog {unknown}
 m - a scroll of amnesia {unknown}
Potions
 h - a potion of magic {unknown}
 n - a potion of curing {unknown}

Dungeon Overview and Level Annotations

Branches:
Dungeon (4/15)
 Temple: D:4-7

Altars:
Kikubaaqudgha

Annotations:
D:3 Grinder

#.## #..# #..#
#.#..## #..# #......
###..## ####......
#. ..... . .........
#o #)o#∆.# ##.......
#. #.@#.# #........
#. ##o...# #.#......
#. ##.....##
#..#....). #.
##...##..# ..
##.....
###.##..#.###.## .#
##.....
#..............##.#
#......
#..#..#.........#..#
#......
#....##...........#
#...... #..##
#.........).#
#......


You could see 2 orcs.


Message History

There is a stone staircase leading down, spattered with blood here. 😨 HP[+1]
There is an open door here.
There is a stone staircase leading down here. 😮 HP[+4]
You regained 4 hp, and now have 23/38 hp.
You start resting. 😎 HP[+15]
Your hp is fully restored (38).
You climb downwards.
Level annotation: Grinder Grinder shouts!
Grinder gestures at you. Pain shoots through your body!
There is a stone staircase leading up here. 😕 HP[-4]
You take 4 damage, and now have 34/38 hp.
You climb upwards.
There is a stone staircase leading down here.
There is a stone staircase leading down here. 😎 HP[+4]
Your hp is fully restored (38).
You climb downwards.
Level annotation: Grinder
There is a stone staircase leading up here.
What are your orders? t - Bark!
Orders for allies: a - Attack new target. r - Retreat! s - Stop attacking. g - Guard the area. f - Follow me.
Anything else - Cancel.
Okay, then.
r - a wand of digging (7) Grinder is nearby!
Unknown command.
An orc comes into view. It is wielding a +0 hand axe.
The orc shouts!
You hear a shout!
The orc moves out of view.
You hear a shout!
An orc comes into view. It is wielding a +0 flail.
An orc is nearby!
Unknown command.
The orc moves out of view.
A kobold comes into view. It is wielding a +0 dagger.
The kobold moves out of view.
The orc shouts!
You reach to attack!
You hit the orc.
An orc comes into view.
It is wielding a +1 short sword of venom.
You hit the orc. You bite the orc, but do no damage. The orc barely misses you.
You hit the orc.
You kill the orc!
Kikubaaqudgha accepts your kill.
You hit the orc but do no damage. The orc barely misses you.
You hit the orc but do no damage. You bite the orc, but do no damage.
The orc hits you but does no damage. The orc barely misses you.
You hit the orc. You bite the orc.
The orc hits you with a +1 short sword of venom.
You are poisoned.
The orc barely misses you. 😕 HP[-2]
You take 2 damage, and now have 36/38 hp.
You hit the orc.
You feel very sick.
The orc hits you with a +1 short sword of venom.
You are more poisoned. 😕 HP[-7]
You take 7 damage, and now have 29/38 hp.
You hit the orc.
You kill the orc!
Kikubaaqudgha accepts your kill.
You feel very sick. The orc closely misses you. 😮 HP[-3]
You now have 39 max hp (+1).
You take 3 damage, and now have 26/39 hp.
You are too injured to fight recklessly!
You are too injured to fight recklessly!
You barely miss the orc.
You feel very sick. The orc hits you with a +0 flail!
* * * LOW HITPOINT WARNING * * *
The orc closely misses you. 😨 HP[-12]
You take 12 damage, and now have 14/39 hp.
MASSIVE DAMAGE!! (PAUSE)
You closely miss the orc.
* * * LOW HITPOINT WARNING * * *
You feel very sick. The orc hits you with a +0 flail!
* * * LOW HITPOINT WARNING * * *
The orc closely misses you. 😱 HP[-10]
You take 10 damage, and now have 4/39 hp.
MASSIVE DAMAGE!! (PAUSE) It was a potion of brilliance.
You feel clever all of a sudden.
* * * LOW HITPOINT WARNING * * *
You feel sick. The orc hits you with a +0 flail.
You die...
Kikubaaqudgha rasps: "You have failed me!
Welcome... death!"

Skill      XL: |  1  2  3  4  5 |
---------------+----------------+-----
Spellcasting   | 5 |  5.2
Invocations    | 1 |  1.7
Short Blades   | 1 |  1.5
Long Blades    | 1 |  1.5
Axes           | 1 |  1.5
Maces & Flails | 1 |  1.5
Staves         | 1 |  1.5
Slings         | 1 |  1.5
Bows           | 1 |  1.5
Crossbows      | 1 |  1.5
Stealth        | 1 |  1.5
Shields        | 1 |  1.5
Unarmed Combat | 1 |  1.5
Evocations     | 1 |  1.5
Conjurations   | 1 |  1.2
Hexes          | 1 |  1.2
Summonings     | 1 |  1.2
Necromancy     | 1 |  1.2
Transmutations | 1 |  1.2
Fire Magic     | 1 |  1.2
Ice Magic      | 1 |  1.2
Air Magic      | 1 |  1.2
Earth Magic    | 1 |  1.2
Poison Magic   | 1 |  1.2
Throwing       | 3 |  3.0
Armour         | 3 |  3.0
Fighting       | |  4.8
Polearms       | |  4.8
Dodging        | |  4.8
Translocations | |  5.5

Action                   |  1- 3 |  4- 6 || total
-------------------------+-------+-------++-------
Melee: Spear             |   161 |    98 ||   259
       Bite              |    12 |     9 ||    21
       Punch             |     4 |     2 ||     6
 Cast: Animate Skeleton  |     1 |     6 ||     7
  Use: Potion            |       |     1 ||     1
 Stab: Sleeping          |     1 |     1 ||     2
Armor: Leather armour    |    27 |     9 ||    36
Dodge: Dodged            |    59 |    49 ||   108

Levels and vault maps discovered:
D:1:      dpeg_arrival_renting, layout_loops_corners,
          shapermc_ecumenical_altar_mp_ritualfount, minivault_14,
          minmay_tetromino_i4
D:2:      layout_basic
D:3:      layout_rooms, uniq_grinder, uniq_terence
D:4:      layout_basic

Notes
Turn   | Place    | Note
-------+----------+-------------------------------------------
     0 | D:1      | Jackthecabe the Gnoll Warper began the quest for the Orb.
     0 | D:1      | Reached XP level 1. HP: 20/20 MP: 6/6
     0 | D:1      | magus.rc [v1.9.6]
   259 | D:1      | Reached XP level 2. HP: 26/26 MP: 7/7
   438 | D:1      | Found a faded altar of an unknown god.
   448 | D:1      | Prayed at the altar of an unknown god.
   448 | D:1      | Became a worshipper of Kikubaaqudgha
   448 | D:1      | Reached * piety under Kikubaaqudgha
   448 | D:1      | You add the spells Animate Skeleton, Corpse Rot,
                  | Sublimation of Blood and Agony to your library.
   448 | D:1      | Received a gift from Kikubaaqudgha
   456 | D:1      | You pick up a book of the Hunter and begin reading...
   456 | D:1      | You add the spells Call Canine Familiar, Portal Projectile
                  | and Leda's Liquefaction to your library.
   560 | D:1      | Learned a level 1 spell: Animate Skeleton
  1224 | D:2      | Reached XP level 3. HP: 31/31 MP: 9/9
  1272 | D:2      | Reached skill level 5 in Spellcasting
  1639 | D:2      | Reached ** piety under Kikubaaqudgha
  1666 | D:2      | Reached skill level 1 in Invocations
  1925 | D:3      | Noticed Grinder
  1980 | D:3      | Noticed Terence
  2011 | D:3      | Killed Terence
  2012 | D:3      | Reached skill level 1 in Short Blades
  2012 | D:3      | Reached skill level 1 in Long Blades
  2012 | D:3      | Reached skill level 1 in Axes
  2012 | D:3      | Reached skill level 1 in Maces & Flails
  2012 | D:3      | Reached skill level 1 in Staves
  2012 | D:3      | Reached skill level 1 in Slings
  2012 | D:3      | Reached skill level 1 in Bows
  2012 | D:3      | Reached skill level 1 in Crossbows
  2012 | D:3      | Reached skill level 1 in Stealth
  2012 | D:3      | Reached skill level 1 in Shields
  2012 | D:3      | Reached skill level 1 in Unarmed Combat
  2012 | D:3      | Reached skill level 1 in Evocations
  2012 | D:3      | Reached XP level 4. HP: 15/38 MP: 11/11
  2294 | D:3      | HP: 8/38 [Grinder (5)]
  2554 | D:3      | Reached skill level 1 in Conjurations
  2554 | D:3      | Reached skill level 1 in Hexes
  2554 | D:3      | Reached skill level 1 in Summonings
  2554 | D:3      | Reached skill level 1 in Necromancy
  2554 | D:3      | Reached skill level 1 in Transmutations
  2554 | D:3      | Reached skill level 1 in Fire Magic
  2554 | D:3      | Reached skill level 1 in Ice Magic
  2554 | D:3      | Reached skill level 1 in Air Magic
  2554 | D:3      | Reached skill level 1 in Earth Magic
  2554 | D:3      | Reached skill level 1 in Poison Magic
  2618 | D:4      | Reached XP level 5. HP: 31/43 MP: 12/12
  2829 | D:4      | Reached skill level 3 in Throwing
  2829 | D:4      | Reached skill level 3 in Armour
  3914 | D:3      | HP: 4/39 [orc/+0 flail (7)]
  3915 | D:3      | Slain by an orc

Vanquished Creatures
  2 hounds (D:4)
  Terence (D:3)
  An orc wizard (D:3)
  An adder (D:4)
  A dart slug (D:2)
  4 orcs (D:3)
  3 ball pythons
  8 bats
  6 endoplasms
  6 giant cockroaches
  2 goblins
  4 hobgoblins
  2 quokkas (D:1)
  A frilled lizard (D:2)
  7 kobolds
  A quokka skeleton (D:4)
  6 rats
56 creatures vanquished.

Vanquished Creatures (collateral kills)
  A hobgoblin (D:4)
1 creature vanquished.

Vanquished Creatures (others)
  A fungus (D:1)
1 creature vanquished.

Grand Total: 58 creatures vanquished

Table legend:
 A = Non-vault XP
 B = Vault XP
 C = Vault XP percentage of total XP
 D = Non-vault monster count
 E = Vault monster count
 F = Vault count percentage of total count
                 A         B        C        D         E       F
            +---------+---------+-------+---------+---------+-------
      Total |     215 |      42 |  16.3 |      52 |       5 |   8.8
            +---------+---------+-------+---------+---------+-------
        D:1 |      24 |       6 |  20.0 |      15 |       4 |  21.1
        D:2 |      33 |       0 |   0.0 |      19 |       0 |   0.0
        D:3 |      48 |      36 |  42.9 |       8 |       1 |  11.1
        D:4 |     110 |       0 |   0.0 |      10 |       0 |   0.0
            +---------+---------+-------+---------+---------+-------

Illustrated notes

Table legend:
 A = Kills in this place as a percentage of kills in entire the game.
 B = Kills by you in this place as a percentage of kills by you in the entire game.
 C = Kills by friends in this place as a percentage of kills by friends in the entire game.
 D = Other kills in this place as a percentage of other kills in the entire game.
 E = Experience gained in this place as a percentage of experience gained in the entire game.
 F = Experience gained in this place divided by the number of levels of this place that you have seen.
                   A       B       C       D       E      F
               +-------+-------+-------+-------+-------+----------------------
         Total | 100.0 | 100.0 | 100.0 |   N/A | 100.0 |  64.2
       Dungeon | 100.0 | 100.0 | 100.0 |   N/A | 100.0 |  64.2
               +-------+-------+-------+-------+-------+----------------------

Table legend: (Time is in decaauts)
 A = Elapsed time spent in this place.
 B = Non-inter-level travel time spent in this place.
 C = Inter-level travel time spent in this place.
 D = Time resting spent in this place.
 E = Time spent auto-exploring this place.
 F = Levels seen in this place.
 G = Mean time per level.
                   A        B        C        D        E       F      G
               +--------+--------+--------+--------+--------+-----+--------+
         Total |   3886 |   3603 |    283 |    769 |   2035 |   4 |  971.5 |
       Dungeon |   3886 |   3603 |    283 |    769 |   2035 |   4 |  971.5 |
               +--------+--------+--------+--------+--------+-----+--------+

Top non-repeatable levels by time:
     D:2: 1455 daAuts
     D:1: 1151 daAuts
     D:4: 1010 daAuts
     D:3: 268 daAuts
